 Dungeon Crawl Stone Soup version 0.28.0 (webtiles) character file.

Game seed: 12299118384733746320

12035 zeram the Basher (level 11, -4/69 HPs)
             Began as a Gargoyle Fighter on Feb 9, 2022.
             Was an Initiate of Gozag.
             Killed by divine providence
             ... invoked by a meliai
              (11 damage)
             ... on level 10 of the Dungeon.
             The game lasted 00:17:52 (11983 turns).

zeram the Basher (Gargoyle Fighter)                Turns: 11983, Time: 00:17:54

Health: -4/69      AC: 25    Str: 24    XL:     11   Next: 87%
Magic:  11/11      EV: 15    Int:  9    God:    Gozag
Gold:   2835       SH:  5    Dex:  9    Spells: 10/10 levels left

rFire   . . .      SeeInvis .   t - +7 mace (elec)
rCold   . . .      Faith    .   c - +0 buckler
rNeg    + . .      Spirit   .   b - +0 scale mail
rPois   ∞          Reflect  .   d - +0 helmet
rElec   +          Harm     .   g - +0 cloak
rCorr   .          Rampage  .   (no gloves)
Will    .....                   y - +1 pair of boots
Stlth   ..........              (no amulet)
HPRegen 0.21/turn               e - +4 ring of protection
MPRegen 0.12/turn               r - +4 ring of evasion

@: no status effects
A: sickness immunity, AC +8, negative energy resistance 1, electricity
resistance, torment resistance 1, petrification resistance
a: Renounce Religion, Potion Petition, Call Merchant, Bribe Branch


You were on level 10 of the Dungeon.
You worshipped Gozag.
Gozag was most pleased with you.
You visited 3 branches of the dungeon, and saw 13 of its levels.

You collected 2948 gold pieces.
You paid 113 gold pieces to Gozag.

Inventory:

Hand Weapons
 a - a +2 flail of electrocution
 t - a +7 mace of electrocution (weapon)
Missiles
 i - 21 poisoned darts (quivered)
Armour
 b - a +0 scale mail (worn)
 c - a +0 buckler (worn)
 d - a +0 helmet (worn)
 g - a +0 cloak (worn)
 y - a +1 pair of boots (worn)
Jewellery
 e - a +4 ring of protection (left hand)
 r - a +4 ring of evasion (right hand)
 s - a ring of fire
 D - a ring of protection from fire
Wands
 n - a wand of flame (31)
 p - a wand of mindburst (6)
 u - a wand of digging (4)
 x - a wand of paralysis (5)
Scrolls
 f - a scroll of enchant armour
 l - 2 scrolls of brand weapon
 m - 2 scrolls of magic mapping
 q - 4 scrolls of immolation
 v - a scroll of blinking
 w - 3 scrolls of teleportation
Potions
 j - a potion of mutation
 k - 2 potions of cancellation
 o - 4 potions of curing
 z - a potion of flight


   Skills:
 + Level 8.6 Fighting
 + Level 12.1 Maces & Flails
 + Level 9.3 Armour
 + Level 5.4 Dodging
 + Level 8.2 Shields


You had 10 spell levels left.
You didn't know any spells.
Your spell library contained the following spells:

 Spells                   Type           Power      Damage    Failure   Level
 Animate Skeleton         Necr           0%         N/A       71%         1
 Apportation              Tloc           0%         N/A       71%         1
 Sandblast                Erth           0%         2d4       71%         1
 Summon Small Mammal      Summ           0%         N/A       71%         1
 Wereblood                Tmut           0%         N/A       85%         2
 Call Canine Familiar     Summ           0%         N/A       97%         3
 Portal Projectile        Hex/Tloc       0%         N/A       97%         3
 Animate Armour           Summ/Erth      0%         N/A       100%        4
 Leda's Liquefaction      Hex/Erth       0%         N/A       100%        4
 Lee's Rapid Deconstruct  Erth           0%         3d5*      100%        5
 Iron Shot                Conj/Erth      0%         9d1       100%        6
 Summon Hydra             Summ           0%         N/A       100%        7
 Sublimation of Blood     Necr           Unusable   N/A       N/A         2

Dungeon Overview and Level Annotations

Branches:
Dungeon (11/15)            Temple (1/1) D:5            Lair (0/6) D:8
    Orc (1/2) D:10

Altars:
Ashenzari
Cheibriados
Dithmenos
Elyvilon
Fedhas
Gozag
Hepliaklqana
Kikubaaqudgha
Makhleb
Nemelex Xobeh
Okawaru
Ru
Sif Muna
Trog
Uskayaw
Vehumet
Wu Jian
Xom
Yredelemnul
Zin
The Shining One
Beogh


Innate Abilities, Weirdness & Mutations

You are immune to sickness and miasma.
Your stone body is resilient. (AC +8)
You are immune to poison.
You resist negative energy. (rN+)
You are resistant to electric shocks. (rElec)
You are resistant to unholy torment.
You are immune to petrification.


Message History

Unknown command.
The meliai misses you. The meliai completely misses you.
The meliai closely misses you.
The meliai stings you but does no damage.
There is a stone staircase leading up here.
The meliai closely misses you.
The meliai stings you but does no damage.
You block the meliai's attack. The meliai closely misses you.
The meliai barely misses you. The meliai completely misses you.
The meliai hits you but does no damage. You block the meliai's attack.
The meliai hits you but does no damage. The meliai completely misses you.
The meliai closely misses you. The meliai stings you.
You climb upwards.
There is a stone staircase leading down here.
You thump the meliai! Lightning courses through the meliai!
The meliai is almost dead.
The meliai barely misses you.
The meliai stings you but does no damage.
The meliai hits you but does no damage. The meliai stings you.
The meliai hits you with a +0 hand axe. The meliai stings you.
The meliai closely misses you.
The meliai stings you but does no damage.
The meliai barely misses you.
The meliai stings you but does no damage.
The meliai calls upon its god to heal the meliai.
The meliai's wounds heal themselves!
You closely miss the meliai.
The meliai is almost dead.
The meliai mumbles some strange prayers to its god against you.
Something smites you!
The meliai calls down the wrath of its god upon you.
Something smites you! The meliai closely misses you. x2
The meliai hits you but does no damage. The meliai stings you.
The meliai invokes the aid of its god against you.
Something smites you!
* * * LOW HITPOINT WARNING * * *
The meliai invokes the aid of its god against you.
Something smites you!
You die...
Your body crumbles into a pile of gold.

#.....'.####'#........
#.....#......#(##.....
#.###.#......#.##....#
#.....########........
#...<.#########.......
#.....#.......#.......
#.....#.......#.#.....
#...y.#.......#.......
#...y@#.......#.......
#.###y#.......#.......
#.# #.#.......#.###.##
#.# #.'.......#.###.#.
#.###.#.......#.....#.
#.....#...##..#.....##
#....##...##..##'####.
#.##.'..............#.
#....#..............#.


You could see 3 meliai.

Vanquished Creatures
  The ghost of Arex the Grappler, a journeyman TrFi (D:10)
  A boulder beetle (D:8)
  3 two-headed ogres
  An orc high priest (Orc:1)
  A manticore (D:8)
  An ugly thing (D:8)
  The ghost of js333 the Firebug, a novice HuCA of Ignis (D:4)
  The ghost of Acetwo5 the Basher, an amateur MiFi (D:4)
  The ghost of sasquatch the Basher, an amateur MiFi of Makhleb (D:4)
  2 trolls (D:10)
  A hornet (D:8)
  A ynoxinul (D:10)
  5 wyverns
  4 yaks (D:10)
  A steam dragon (D:9)
  2 vampire mosquitoes (D:8)
  An acid dragon (D:8)
  5 water moccasins
  7 orc warriors
  A sky beast (D:7)
  A hornet zombie (D:5)
  An ice beast (D:6)
  A black bear (D:5)
  An ogre (D:6)
  2 necrophages (D:6)
  4 centaurs (D:8)
  A phantom (D:6)
  3 kobold brigands
  4 bullfrogs
  3 scorpions
  A water moccasin skeleton (D:5)
  6 killer bees
  6 wights
  A howler monkey (D:8)
  An electric eel (D:6)
  2 bullfrog zombies (D:6)
  2 centaur zombies
  A human zombie (D:6)
  3 orc priests
  Crazy Yiuf (D:3)
  A hound (D:5)
  4 jellies
  Ijyb (D:3)
  2 bullfrog skeletons
  A centaur skeleton (D:4)
  Jessica (D:3)
  Terence (D:2)
  4 iguanas
  5 orc wizards
  2 killer bee zombies (D:6)
  3 mummies (D:6)
  Robin (D:2)
  2 howler monkey zombies
  7 adders
  2 white imps (D:7)
  2 ufetubi (D:5)
  An adder skeleton (D:4)
  A worm (D:3)
  A dart slug (D:4)
  29 orcs
  3 bats (D:2)
  5 endoplasms
  3 giant cockroaches
  16 goblins
  7 hobgoblins
  2 jackals (D:2)
  3 quokkas
  6 ball pythons
  3 frilled lizards
  22 kobolds
  7 rats
234 creatures vanquished.

Vanquished Creatures (others)
  41 plants
  4 toadstools (D:4)
  4 withered plants (D:4)
49 creatures vanquished.

Grand Total: 283 creatures vanquished

Notes
Turn   | Place    | Note
-------+----------+-------------------------------------------
     0 | D:1      | zeram the Gargoyle Fighter began the quest for the Orb.
     0 | D:1      | Reached XP level 1. HP: 14/14 MP: 1/1
   159 | D:1      | You fall into a shaft and drop 1 floor!
   159 | D:2      | Found a faded altar of an unknown god.
   204 | D:2      | Reached XP level 2. HP: 19/19 MP: 2/2
   739 | D:2      | Reached XP level 3. HP: 23/23 MP: 3/3
   749 | D:2      | Noticed Robin
   779 | D:2      | Killed Robin
  1147 | D:2      | Noticed Terence
  1156 | D:2      | Killed Terence
  1157 | D:2      | Reached skill level 3 in Maces & Flails
  1157 | D:2      | Reached XP level 4. HP: 25/29 MP: 4/4
  1676 | D:3      | Noticed Jessica
  1677 | D:3      | Killed Jessica
  1678 | D:3      | Reached XP level 5. HP: 33/33 MP: 5/5
  1857 | D:3      | Found a runed translucent door.
  1857 | D:3      | Noticed Crazy Yiuf
  1861 | D:3      | Killed Crazy Yiuf
  2291 | D:3      | Noticed Ijyb
  2302 | D:3      | Killed Ijyb
  2720 | D:4      | Reached XP level 6. HP: 38/38 MP: 6/6
  2725 | D:4      | Reached skill level 4 in Maces & Flails
  2983 | D:4      | Reached skill level 1 in Dodging
  3049 | D:4      | Found a glowing silver altar of Zin.
  3081 | D:4      | Found a burning altar of Makhleb.
  3467 | D:4      | Found a runed translucent gate.
  3467 | D:4      | Found a runed translucent gate.
  3467 | D:4      | Found a runed translucent gate.
  3471 | D:4      | Noticed sasquatch's ghost (amateur MiFi)
  3471 | D:4      | Noticed Acetwo5's ghost (amateur MiFi)
  3471 | D:4      | Noticed js333's ghost (novice HuCA)
  3747 | D:5      | Entered Level 5 of the Dungeon
  4583 | D:4      | Killed sasquatch's ghost
  4583 | D:4      | Killed js333's ghost
  4583 | D:4      | Killed Acetwo5's ghost
  4584 | D:4      | Reached skill level 5 in Fighting
  4584 | D:4      | Reached skill level 6 in Maces & Flails
  4584 | D:4      | Reached XP level 7. HP: 38/44 MP: 7/7
  4584 | D:4      | Reached XP level 8. HP: 42/49 MP: 8/8
  5108 | D:5      | Reached skill level 7 in Maces & Flails
  5252 | D:5      | Found a sparkling altar of Nemelex Xobeh.
  5329 | D:5      | Found a staircase to the Ecumenical Temple.
  5338 | Temple   | Entered the Ecumenical Temple
  5825 | Temple   | Became a worshipper of Gozag Ym Sagoz the Greedy
  6309 | D:6      | Reached XP level 9. HP: 54/54 MP: 9/9
  6378 | D:6      | Reached skill level 5 in Shields
  6535 | D:6      | Reached skill level 8 in Maces & Flails
  6590 | D:6      | Found a basalt altar of Yredelemnul.
  7094 | D:6      | Found a glowing golden altar of the Shining One.
  7190 | D:7      | Found a shadowy altar of Dithmenos.
  7602 | D:7      | Reached skill level 9 in Maces & Flails
  8197 | D:8      | Found a staircase to the Lair.
  8294 | D:8      | Noticed a hornet
  8309 | D:8      | Killed a hornet
  8310 | D:8      | Reached XP level 10. HP: 49/61 MP: 10/10
  8430 | D:8      | Noticed a two-headed ogre
  8431 | D:8      | Identified a scroll of acquirement
  8431 | D:8      | Acquired 1385 gold pieces
  8443 | D:8      | Killed a two-headed ogre
  8454 | D:8      | Noticed a two-headed ogre
  8454 | D:8      | Noticed a boulder beetle
  8459 | D:8      | Noticed a manticore
  8464 | D:8      | Noticed a brown ugly thing
  8479 | D:8      | Killed a manticore
  8485 | D:8      | Reached skill level 10 in Maces & Flails
  8487 | D:8      | Killed a brown ugly thing
  8493 | D:8      | Killed a two-headed ogre
  9087 | D:8      | Reached XP level 11. HP: 67/67 MP: 11/11
  9125 | D:8      | Noticed a boulder beetle
  9130 | D:8      | Killed a boulder beetle
  9131 | D:8      | Reached skill level 11 in Maces & Flails
  9131 | D:8      | Reached skill level 5 in Dodging
  9160 | D:8      | Noticed a four-headed hydra
  9245 | D:8      | HP: 3/67 [gnoll sergeant/iceblast (8)]
  9848 | D:9      | Found a shimmering altar of Xom.
 10324 | D:9      | Found a blossoming altar of Fedhas.
 10324 | D:9      | Found a snail-covered altar of Cheibriados.
 10499 | D:10     | Entered Level 10 of the Dungeon
 10650 | D:10     | Found a staircase to the Orcish Mines.
 10876 | D:10     | Noticed Arex's ghost (journeyman TrFi)
 11110 | D:10     | Found a runed translucent door.
 11720 | D:10     | Killed Arex's ghost
 11774 | D:10     | Got Eteecs's Collected Works on Earth
 11812 | Orc:1    | Entered Level 1 of the Orcish Mines
 11812 | Orc:1    | Noticed a two-headed ogre
 11818 | Orc:1    | Killed a two-headed ogre
 11856 | Orc:1    | Noticed an orc high priest
 11873 | Orc:1    | Killed an orc high priest
 11874 | Orc:1    | Reached skill level 12 in Maces & Flails
 11983 | D:10     | Killed from afar by a meliai

Illustrated notes

Levels and vault maps discovered:
D:1:      kilobyte_arrival_exit_the_forest, layout_rooms
D:2:      layout_loops_corners, hellmonk_ecumenical_altar_pennies_from_heaven,
          minmay_misc_feat_nine_boxes, uniq_robin, uniq_terence
D:3:      layout_loops_ring, uniq_jessica, uniq_crazy_yiuf_cottage, uniq_ijyb
D:4:      layout_layer_cave, bloody_makhleb, kennysheep_mini,
          gammafunk_ghost_cemetery, minmay_gold_behind_fungi,
          chequers_serial_rivers_micro_a, kennysheep_pointless_box
D:5:      layout_basic, nemelex_spade_bored_becter,
          minmay_temple_entry_nine_rooms
D:6:      layout_basic, mainiacjoe_overflow_six_doors_small,
          lemuel_mausoleum_altar_yredelemnul, minivault_4, minivault_26
D:7:      layout_cave_pods, grunt_dithmenos_smoke_and_mirrors
D:8:      nzn_winding_woodlands_large [nzn_winding_woodlands_5x5_checkerboard,
          nzn_winding_woodlands_5x15_longhouse,
          nzn_winding_woodlands_5x5_default, nzn_winding_woodlands_center_lodge,
          nzn_winding_woodlands_15x15_five_gardens,
          nzn_winding_woodlands_center_pierced_h,
          nzn_winding_woodlands_5x5_default,
          nzn_winding_woodlands_5x15_sawtooth,
          nzn_winding_woodlands_5x5_perimeter], layout_rooms,
          nicolae_qazlal_eye_of_the_storm, lair_entry_dummy, wad_mini_maze
D:9:      layout_irregular_city, gammafunk_temple_overflow_wave,
          dk_xom_monty_hall
D:10:     layout_stronghold, minmay_orc_entry_temple_small,
          hellmonk_ghost_big_iron
D:11:     layout_gridville, serial_shops, nicolae_shop_bloodbath_and_beyond,
          uniq_psyche, uniq_josephine
Temple:   minmay_temple_forest_path
Orc:1:    layout_caves, bh_open_orc_temple

Skill      XL: |  1  2  3  4  5  6  7  8  9 10 11 |
---------------+----------------------------------+-----
Maces & Flails | 3 6 7 9 10 12 | 12.1
Armour         | 4 6 7 8 9 |  9.3
Shields        | 4 5 7 8 |  8.2
Fighting       | 4 5 6 7 8 |  8.6
Dodging        | 1 2 3 4 5 |  5.4

Action                   |  1- 3 |  4- 6 |  7- 9 | 10-12 || total
-------------------------+-------+-------+-------+-------++-------
Melee: Flail             |    90 |   159 |   242 |   328 ||   819
       Mace              |       |       |       |    60 ||    60
Evoke: Wand              |       |       |       |     3 ||     3
  Use: Potion            |     1 |       |     1 |     6 ||     8
       Scroll            |       |    11 |    10 |     7 ||    28
 Stab: Distracted        |     1 |       |       |       ||     1
Armor: Scale mail        |    48 |   108 |   144 |   176 ||   476
Dodge: Dodged            |    44 |    58 |   203 |   283 ||   588
Block: Buckler           |    20 |    29 |    62 |   108 ||   219
